 Dungeon Crawl Stone Soup version 0.28.0-53-g5a82cb258f (webtiles) character file.

Game seed: 9116781293057159557

46 nickcage the Cudgeller (level 3, -4/27 HPs)
             Began as a Formicid Gladiator on June 21, 2022.
             Slain by Sigmund
             ... wielding a +0 scythe
              (9 damage)
             ... on level 2 of the Dungeon.
             The game lasted 00:03:37 (1128 turns).

nickcage the Cudgeller (Formicid Gladiator)         Turns: 1128, Time: 00:03:37

Health: -4/27      AC: 18    Str: 20    XL:     3   Next: 95%
Magic:  3/3        EV:  6    Int:  7    God:
Gold:   66         SH:  0    Dex: 12    Spells: 2/2 levels left

rFire   . . .      SeeInvis +   a - +0 flail
rCold   + . .      Faith    .   (no shield)
rNeg    . . .      Spirit   .   j - +0 plate armour
rPois   +          Reflect  .   (helmet unavailable)
rElec   .          Harm     .   k - +0 cloak
rCorr   .          Rampage  .   (no gloves)
Will    +....                   d - +2 pair of boots of Grottiness {rPois rC+ Will+}
Stlth   ..........              (no amulet)
HPRegen 0.09/turn               f - +4 ring of protection
MPRegen 0.08/turn               (no ring)

@: no status effects
A: permanent stasis, dig shafts and tunnels, antennae 3, four strong arms
a: Dig, Shaft Self


You were on level 2 of the Dungeon.
You visited 1 branch of the dungeon, and saw 2 of its levels.

You collected 66 gold pieces.

Inventory:

Hand Weapons
 a - a +0 flail (weapon)
Missiles
 c - 3 throwing nets (quivered)
Armour
 b - a +0 leather armour
 d - the +2 pair of boots of Grottiness (worn) {rPois rC+ Will+}
   (You acquired it on level 2 of the Dungeon)

   rC:        It protects you from cold.
   rPois:     It protects you from poison.
   Will:      It increases your willpower.
 j - a +0 plate armour (worn)
 k - a +0 cloak (worn)
Jewellery
 f - a +4 ring of protection (left hand)
Scrolls
 e - 2 scrolls of identify
 g - a scroll of blinking {unknown}
 h - a scroll of amnesia {unknown}
 l - a scroll of enchant weapon {unknown}


   Skills:
 - Level 2.1 Fighting
 + Level 4.5 Maces & Flails
 - Level 2.0 Throwing
 - Level 2.6 Dodging


You had 2 spell levels left.
You didn't know any spells.
Your spell library contained the following spells:

 Spells                   Type           Power      Damage    Failure   Level
 Gell's Gravitas          Tloc           0%         N/A       100%        3
 Lesser Beckoning         Tloc           0%         N/A       100%        3
 Teleport Other           Tloc           0%         N/A       100%        3


Dungeon Overview and Level Annotations

Branches:
Dungeon (2/15)

Altars:

Annotations:
D:2 Sigmund


Innate Abilities, Weirdness & Mutations

You cannot be hasted, slowed, berserked, paralysed or teleported.
You can dig through walls and to a lower floor.
You have a pair of large antennae on your head. (SInv)
Your four strong arms can wield two-handed weapons with a shield.


Message History

Sigmund says, "Now you see me, now you don't..."
Sigmund hits you but does no damage.
You hit Sigmund. You punch Sigmund, but do no damage.
Sigmund is lightly wounded.
Sigmund gestures at you while chanting. The puff of flame hits you!
You barely miss Sigmund.
Sigmund is lightly wounded.
Sigmund hits you but does no damage.
You hit Sigmund.
Sigmund is lightly wounded.
Sigmund hits you with a +0 scythe.
You sock Sigmund!
Sigmund is heavily wounded.
Sigmund hits you but does no damage.
You hit Sigmund.
Sigmund is severely wounded.
You closely miss Sigmund.
Sigmund is severely wounded.
Sigmund barely misses you.
You barely miss Sigmund.
Sigmund is severely wounded.
Sigmund points at you and mumbles some strange words.
The magic dart hits you.
You closely miss Sigmund.
Sigmund is severely wounded.
Sigmund hits you with a +0 scythe!
* * * LOW HITPOINT WARNING * * *
You barely miss Sigmund.
Sigmund is severely wounded.
Sigmund barely misses you.
You closely miss Sigmund.
Sigmund is severely wounded.
Sigmund hits you but does no damage.
You barely miss Sigmund.
Sigmund is severely wounded.
You closely miss Sigmund.
Sigmund is severely wounded.
Sigmund hits you with a +0 scythe!
You die...

#...... #.# #...... ### #.#
....... .. .. #.# .......
##.# . #.# ...<... #..# .#
#.. .......###.# ..# #.#
......††...##..# #.#.#
...........#..###### ..#.#
..........@@....>..###.##.#
..........<..#..##..... #..
....................... #.#
..#..........#........###.#
......................<.#.#
................#####†.##.#
...>..(......).............
.......>.....#......††.###
.............#.....###..##


You could see Sigmund.

Vanquished Creatures
  An adder (D:2)
  A dart slug (D:2)
  7 endoplasms
  3 giant cockroaches (D:1)
  3 hobgoblins
  3 jackals
  3 quokkas (D:1)
  2 ball pythons
  3 bats
  A frilled lizard (D:2)
  A goblin (D:1)
  4 rats
32 creatures vanquished.

Notes
Turn   | Place    | Note
-------+----------+-------------------------------------------
     0 | D:1      | nickcage the Formicid Gladiator began the quest for the
                  | Orb.
     0 | D:1      | Reached XP level 1. HP: 16/16 MP: 1/1
   233 | D:1      | Reached XP level 2. HP: 20/22 MP: 2/2
   655 | D:1      | Reached skill level 4 in Maces & Flails
   655 | D:1      | Reached XP level 3. HP: 26/27 MP: 3/3
   838 | D:2      | Noticed Sigmund
   984 | D:2      | Identified a scroll of acquirement
   985 | D:2      | Acquired the +2 pair of boots of Grottiness {rPois rC+
                  | Will+}
  1128 | D:2      | Slain by Sigmund

Illustrated notes

Levels and vault maps discovered:
D:1:      minmay_arrival_up_and_down, layout_loops_ring, serial_bayou_pond_b
D:2:      minmay_door_path, layout_rooms, basic_ecumenical_altar, uniq_sigmund

Skill      XL: |  1  2 |
---------------+-------+-----
Maces & Flails | 4 |  4.5
Fighting       | |  2.1
Throwing       | |  2.0
Dodging        | |  2.6

Action                   || total
-------------------------++-------
Melee: Flail             ||   116
       Punch             ||     2
  Use: Scroll            ||     3
 Stab: Sleeping          ||     1
Armor: Leather armour    ||    32
       Plate armour      ||    46
Dodge: Dodged            ||    89
